Unix NetHack Version 3.7.0-88 Work-in-progress - last build Aug 21 2023 04:08:40 (b68ccb3e4f8f5dcb83e1e40b1ff56e7dffd4cd28,branch:master). Game began 2023-07-21 10:26:24, ended 2023-11-02 12:47:43. spline, lawful female human Valkyrie --- --- ---- ---- ----- ----.---.-- --..| |..--|...| --- --.........| |...| |...-|...-- ----.-- --.........-- --..--------- |....|....---.....| |.........-- -------|.....0--..-- |.|..|-..........-- |.........| --.....--...........--- ------ |.|----.|........| ---.......| |.....................---.--.-- |.| -.----).^...-- --.....-- --.............h.#-............| ---.| .. --.......-- |.....--- |...|............--............|---...||..- |...[.....| |)......-- |.----#.........).))..)........|-....-|--. |........-- |.*......| --- --...........---.........-|......| -- --.......-- |)--.....- |..........)-- |....----.||.)....-- ---.......0| --)|--.....| --.......^..| --.--- |.||.......-- --..........| |..| ---...| ##.*.......--- --- |.--.......^| |...........| ----.-- -.-- #*#.>...).....| |....--.....-----.........-- |....| -- **###.-......<-- --..--|................|.-- |....-------------------####@......*...| | --.| ---.|..--------.---- --..........................^.....*......| --- ----.| --- ------------------------######..#..--.--- --- -##---- -- Spline the Fighter St:12 Dx:12 Co:18 In:8 Wi:7 Ch:12 Lawful Dlvl:5 $:72 HP:70(74) Pw:14(14) AC:1 Xp:7/995 T:6426 Latest messages: Saving... Restoring save file... Velkommen spline, the human Valkyrie, welcome back to NetHack! You see here 5 rocks. An orcish dagger misses you. You try to move the boulder, but in vain. You try to move the boulder, but in vain. You try to move the boulder, but in vain. You see here an orcish dagger. You try to move the boulder, but in vain. You try to move the boulder, but in vain. You try to move the boulder, but in vain. You try to move the boulder, but in vain. You try to move the boulder, but in vain. You try to move the boulder, but in vain. You try to move the boulder, but in vain. You see here an orcish dagger. You see here an orcish dagger. It is hit. You hear a chugging sound. c - an orcish dagger. You try to move the boulder, but in vain. You try to move the boulder, but in vain. You try to move the boulder, but in vain. You see here a rock. You see here a rock. You hear bubbling water. In what direction? k The dart misses the mountain nymph. In what direction? k The dart hits the mountain nymph. The mountain nymph wakes up! The mountain nymph screams! In what direction? k The dart hits the mountain nymph. You hit the mountain nymph. You hit the mountain nymph. The mountain nymph stole a scroll of teleportation. The mountain nymph vanishes! You see here a dart. x - a dart (at the ready) (16 in total). You climb up the stairs. Autopickup: ON, for $"=/!?+ objects. Autopickup: OFF. Really quit? [yn] (n) y Do you want your possessions identified? [ynq] (y) n Do you want to see your attributes? [ynq] (y) n Do you want an account of creatures vanquished? [ynaq] (y) n Do you want to see your conduct and achievements? [ynq] (y) n Do you want to see the dungeon overview? [ynq] (y) n Inventory: Coins $ - 72 gold pieces Weapons x - 16 +0 darts (at the ready) b - a +0 dagger (wielded in left hand) c - a +0 orcish dagger a - a +1 spear (wielded in right hand) Armor o - an uncursed rusty +0 orcish helm (being worn) n - a blessed +1 pair of high boots (being worn) r - an uncursed +0 banded mail (being worn) Comestibles D - 2 uncursed tripe rations G - a cursed tripe ration j - an uncursed lichen corpse Scrolls E - 3 uncursed scrolls of blank paper p - 2 uncursed scrolls of confuse monster i - an uncursed scroll of enchant weapon w - an uncursed scroll of food detection e - an uncursed scroll of genocide v - an uncursed scroll of gold detection s - 2 uncursed scrolls of light k - a blessed scroll of remove curse Spellbooks m - a cursed spellbook of cause fear Potions C - an uncursed potion of invisibility q - an uncursed potion of levitation t - 2 uncursed potions of monster detection g - an uncursed potion of polymorph I - a blessed potion of restore ability h - an uncursed potion of sickness Wands F - a wand of locking (0:8) Tools z - an uncursed credit card H - an uncursed tin opener u - an uncursed tin whistle d - an uncursed towel Spline the Valkyrie's attributes: Background: You were a Fighter, a level 7 human Valkyrie. You were lawful, on a mission for Tyr who was opposed by Odin (neutral) and Loki (chaotic). You were in the Gnomish Mines, on level 5. You entered the dungeon 6426 turns ago. You had 995 experience points, 285 more were needed to attain level 8. Basics: You had 70 out of 74 hit points. You had all 14 energy points (spell power). Your armor class was 1. Your wallet contained 72 zorkmids. Autopickup was off. Final Characteristics: Your strength was 12 (peak:18/01, limit:18/100). Your dexterity was 12 (limit:18). Your constitution was 18 (limit:18). Your intelligence was 8 (limit:18). Your wisdom was 7 (limit:18). Your charisma was 12 (limit:18). Final Status: You were not hungry. You were unencumbered. You were wielding two weapons at once. Your skill in spear was limited by being unskilled with two weapons. Your skill in dagger was also limited by being unskilled with two weapons. You could have enhanced skill with spear. Final Attributes: You were piously aligned. You were cold resistant. You were sleep resistant. You were telepathic. You were stealthy. You were warded. You were fast. You survived. Miscellaneous: You never encountered a bones level. Total elapsed playing time was 2 hours, 35 minutes and 47 seconds. Major events: Turn 1: spline the lawful human Valkyrie entered the dungeon 1701: attained the rank of Skirmisher (level 3) 3588: attained the rank of Fighter (level 6) 3774: entered the Bigroom 4834: entered the Gnomish Mines 5528: reached Mine Town 6426: quit Vanquished creatures: a chameleon 2 giant spiders a black light a brown pudding a rust monster a werewolf a chickatrice a jaguar 2 dwarf leaders a dust vortex a raven a snake a rope golem a bugbear an imp 6 gnome leaders a gnomish wizard a kobold mummy an elf zombie a ghoul a paper golem 4 giant ants a little dog 4 floating eyes 4 dwarves 3 homunculi a kobold shaman 6 rothes a rabid rat a giant bat 2 dwarf zombies a wererat an iguana 2 killer bees 4 hobbits 2 hobgoblins a giant rat 2 cave spiders a brown mold 4 yellow molds 2 green molds a red mold 29 gnomes 3 gnome zombies 2 geckos 5 jackals 2 foxes 3 kobolds 4 goblins 9 sewer rats 8 grid bugs 5 lichens 4 kobold zombies 7 newts 157 creatures vanquished. No species were genocided or became extinct. Voluntary challenges: You were illiterate. You never engraved Elbereth. You never genocided any monsters. You never polymorphed an object. You never changed form. You used no wishes. Achievements: You entered a shop. You attained the rank of Skirmisher. You attained the rank of Fighter. You entered the Big Room. You entered the Gnomish Mines. You entered Minetown. The Dungeons of Doom: levels 1 to 10 Level 1: A fountain. Level 2: A potion shop, some fountains. Stairs down to The Gnomish Mines. Level 3: Level 4: Level 5: An altar, a fountain. Level 6: Level 7: Level 8: A fountain. Level 9: Many fountains. Oracle of Delphi. Level 10: A very big room. The Gnomish Mines: levels 3 to 6 Level 3: Level 4: Level 5: <- You were here. Level 6: Farvel spline the Valkyrie... You quit in The Gnomish Mines on dungeon level 5 with 4502 points, and 72 pieces of gold, after 6426 moves. You were level 7 with a maximum of 74 hit points when you quit.